 Dungeon Crawl Stone Soup version 0.29-a0-495-g17b79114eb (webtiles) character file.

Game seed: 4956665322347156511

210 YayAnonymity the Shield-Bearer (level 5, -4/47 HPs)
             Began as a Gnoll Fighter on May 27, 2022.
             Was a Follower of the Shining One.
             Slain by an ogre
             ... wielding a +0 giant club
              (7 damage)
             ... on level 6 of the Dungeon.
             The game lasted 00:06:42 (4083 turns).

YayAnonymity the Shield-Bearer (Gnoll Fighter)      Turns: 4083, Time: 00:06:42

Health: -4/47      AC: 15    Str: 18    XL:     5   Next: 87%
Magic:  7/7        EV:  6    Int:  7    God:    the Shining One [*.....]
Gold:   236        SH:  5    Dex: 11    Spells: 7/7 levels left

rFire   . . .      SeeInvis .   a - +1 trident
rCold   . . .      Faith    .   c - +0 buckler
rNeg    . . .      Spirit   .   w - +0 plate armour
rPois   .          Reflect  .   (no helmet)
rElec   .          Harm     .   (no cloak)
rCorr   .          Rampage  .   m - +1 pair of gloves
Will    .....                   (no boots)
Stlth   ..........              (no amulet)
HPRegen 0.15/turn               (no ring)
MPRegen 0.10/turn               (no ring)

@: glowing
A: fangs 1, strong nose, distributed training
a: Renounce Religion, Divine Shield


You were on level 6 of the Dungeon.
You worshipped the Shining One.
The Shining One was aware of your devotion.
You visited 1 branch of the dungeon, and saw 6 of its levels.

You collected 236 gold pieces.

Inventory:

Hand Weapons
 a - a +1 trident (weapon)
 b - a +0 hand crossbow
Missiles
 f - 9 boomerangs
 h - a throwing net (quivered)
Armour
 c - a +0 buckler (worn)
 m - a +1 pair of gloves (worn)
 w - a +0 plate armour (worn)
Scrolls
 e - 3 scrolls of fog
 l - a scroll of enchant weapon
 p - 2 scrolls of enchant armour
 u - a scroll of amnesia
Potions
 d - a potion of might
 g - a potion of magic
 i - 7 potions of curing
 j - a potion of mutation
 k - a potion of berserk rage {unknown}
 n - a potion of haste {unknown}
 o - a potion of resistance {unknown}
 q - a potion of attraction {unknown}
 r - 2 potions of lignification
 s - a potion of heal wounds {unknown}


   Skills:
 + Level 6.7 Fighting
 + Level 1.6 Short Blades
 + Level 1.6 Long Blades
 + Level 1.6 Axes
 + Level 1.6 Maces & Flails
 + Level 4.8 Polearms
 + Level 1.6 Staves
 + Level 1.6 Slings
 + Level 1.6 Bows
 + Level 1.6 Crossbows
 + Level 1.6 Throwing
 + Level 6.7 Armour
 + Level 1.6 Dodging
 + Level 1.6 Stealth
 + Level 6.7 Shields
 + Level 1.6 Unarmed Combat
 + Level 1.6 Spellcasting
 + Level 1.3 Conjurations
 + Level 1.3 Hexes
 + Level 1.3 Summonings
 + Level 1.3 Necromancy
 + Level 1.3 Translocations
 + Level 1.3 Transmutations
 + Level 1.3 Fire Magic
 + Level 1.3 Ice Magic
 + Level 1.3 Air Magic
 + Level 1.3 Earth Magic
 + Level 1.3 Poison Magic
 + Level 1.9 Invocations
 + Level 1.6 Evocations


You had 7 spell levels left.
You didn't know any spells.
Your spell library contained the following spells:

 Spells                   Type           Power      Damage    Failure   Level
 Ignite Poison            Fire/Tmut/Pois 2%         N/A       100%        3
 Mephitic Cloud           Conj/Pois/Air  2%         N/A       100%        3
 Freezing Cloud           Conj/Ice/Air   1%         6-21      100%        5


Dungeon Overview and Level Annotations

Branches:
Dungeon (6/15)             Temple (0/1) D:6

Altars:
Ashenzari
Dithmenos
Elyvilon
Ru
The Shining One

Shops:
D:2 (

Annotations:
D:3 3 runed translucent doors, sirJeffrey23's ghost, amateur DsMo; xianbchi's ghost, amateur OpCj


Innate Abilities, Weirdness & Mutations

You have very sharp teeth.
Your uncanny sense of smell can sniff out nearby items.
Your experience applies equally to all skills.


Message History

You feel aware of your surroundings.
You sensed 1 altar.
Unknown command.
You open the door.
There is an open door here.
As you open the door, it creaks loudly!
You hear an angry hiss.
An adder comes into view.
The adder hisses angrily.
The adder bites you but does no damage.
There is an open door here.
The adder barely misses you. You block the adder's attack.
You hit the adder.
The adder is moderately wounded.
The adder bites you but does no damage. The adder barely misses you.
You hit the adder.
The adder is heavily wounded.
The adder barely misses you.
You hit the adder.
The adder is almost dead.
The adder bites you but does no damage.
You hit the adder.
You kill the adder!
No target in view!
Found a bubbling yellow potion.
An ogre comes into view. It is wielding a +0 giant club.
The ogre shouts!
The ogre hits you with a +0 giant club!
You puncture the ogre! You bite the ogre, but do no damage.
The ogre is moderately wounded.
The ogre hits you with a +0 giant club!!
You hit the ogre.
The ogre is severely wounded.
You hit the ogre.
The ogre is severely wounded.
The ogre hits you with a +0 giant club!
* * * LOW HITPOINT WARNING * * *
You hit the ogre.
The ogre is severely wounded.
The ogre hits you with a +0 giant club!
You die...

# ###### ######## ********
####....# #......#***,,,,,,*
#..#....# #......#,,*,,,,,,*
#..#....# #......+,,*,,,,,,*
#..'....########......##**,,,,,,*
#'##............@O......,,,,,,,,,
........................,,,,,,,,,
........................,,,,,,,,,
....####................,**,**,*,
....# #................,,,,,,,*,
##### #.......##+###...,**,*,,,,
# #!......+,,,,*...,,,,*,**, #
#.......#,,,,*,..,**,,,,,,
#*******,,,,,,,*,,,,*,,,,,,,**,>,


You could see an ogre.

Vanquished Creatures
  A hound skeleton (D:3)
  Robin (D:3)
  6 adders
  A shadow imp (D:5)
  2 adder skeletons (D:3)
  An adder zombie (D:3)
  4 dart slugs
  13 orcs (D:3)
  5 endoplasms
  A giant cockroach (D:3)
  14 goblins
  7 hobgoblins
  8 jackals
  9 kobolds
  A quokka (D:1)
  5 ball pythons
  A ball python skeleton (D:3)
  3 bats
  4 frilled lizards
  A jackal skeleton (D:3)
  6 rats
94 creatures vanquished.

Vanquished Creatures (others)
  12 plants (D:3)
  4 withered plants (D:3)
16 creatures vanquished.

Grand Total: 110 creatures vanquished

Notes
Turn   | Place    | Note
-------+----------+-------------------------------------------
     0 | D:1      | YayAnonymity the Gnoll Fighter began the quest for the Orb.
     0 | D:1      | Reached XP level 1. HP: 23/23 MP: 1/1
   174 | D:1      | Reached XP level 2. HP: 29/29 MP: 2/2
   697 | D:1      | Reached XP level 3. HP: 28/35 MP: 3/3
  1336 | D:1      | Reached skill level 1 in Invocations
  1641 | D:2      | Found a faded altar of an unknown god.
  1646 | D:2      | Reached skill level 1 in Short Blades
  1646 | D:2      | Reached skill level 1 in Long Blades
  1646 | D:2      | Reached skill level 1 in Axes
  1646 | D:2      | Reached skill level 1 in Maces & Flails
  1646 | D:2      | Reached skill level 1 in Staves
  1646 | D:2      | Reached skill level 1 in Slings
  1646 | D:2      | Reached skill level 1 in Bows
  1646 | D:2      | Reached skill level 1 in Crossbows
  1646 | D:2      | Reached skill level 1 in Throwing
  1646 | D:2      | Reached skill level 1 in Dodging
  1646 | D:2      | Reached skill level 1 in Stealth
  1646 | D:2      | Reached skill level 1 in Unarmed Combat
  1646 | D:2      | Reached skill level 1 in Spellcasting
  1646 | D:2      | Reached skill level 1 in Evocations
  1953 | D:2      | Found Vuxerr's Weapon Emporium.
  1959 | D:2      | Reached XP level 4. HP: 41/41 MP: 5/5
  2099 | D:3      | Found a runed translucent gate.
  2194 | D:5      | Entered Level 5 of the Dungeon
  2231 | D:5      | Found a sacrificial altar of Ru.
  2232 | D:5      | Found a glowing golden altar of the Shining One.
  2233 | D:5      | Found a broken altar of Ashenzari.
  2246 | D:5      | Found a shadowy altar of Dithmenos.
  2262 | D:5      | Became a worshipper of the Shining One
  2347 | D:3      | Reached skill level 1 in Conjurations
  2347 | D:3      | Reached skill level 1 in Hexes
  2347 | D:3      | Reached skill level 1 in Summonings
  2347 | D:3      | Reached skill level 1 in Necromancy
  2347 | D:3      | Reached skill level 1 in Translocations
  2347 | D:3      | Reached skill level 1 in Transmutations
  2347 | D:3      | Reached skill level 1 in Fire Magic
  2347 | D:3      | Reached skill level 1 in Ice Magic
  2347 | D:3      | Reached skill level 1 in Air Magic
  2347 | D:3      | Reached skill level 1 in Earth Magic
  2347 | D:3      | Reached skill level 1 in Poison Magic
  2508 | D:3      | Found a runed translucent gate.
  2508 | D:3      | Found a runed translucent gate.
  2511 | D:3      | Noticed sirJeffrey23's ghost (amateur DsMo)
  2511 | D:3      | Noticed xianbchi's ghost (amateur OpCj)
  2725 | D:3      | Noticed Robin
  2745 | D:3      | Reached XP level 5. HP: 38/47 MP: 6/6
  2759 | D:3      | Killed Robin
  2985 | D:3      | Found a white marble altar of Elyvilon.
  3179 | D:3      | Reached * piety under the Shining One
  4076 | D:6      | Noticed an ogre
  4083 | D:6      | Slain by an ogre

Illustrated notes

Levels and vault maps discovered:
D:1:      lightli_arrival_quake, layout_basic
D:2:      minmay_recursive_quarters, layout_basic, serial_shops, shop,
          basic_ecumenical_altar
D:3:      layout_loops_corners, nicolae_elyvilon_temple_path, serial_undead,
          serial_undead_b, serial_undead_c, serial_undead_c, serial_undead_a,
          serial_undead_d, gammafunk_ghost_cemetery,
          chequers_serial_rivers_large_b, amcnicky_mini_pool_small, uniq_robin
D:4:      layout_cave_pools, solitary_fountain, chequers_serial_rivers_micro_a
D:5:      dreamdust_elfheim, layout_layer_cave,
          chequers_temple_overflow_statue_of_worship, grunt_dithmenos_shadows,
          supply_closet_lemuel, uniq_crazy_yiuf_cottage
D:6:      layout_gridville, kennysheep_mini_moat, minmay_temple_entry_ruins,
          uniq_eustachio

Skill      XL: |  1  2  3  4 |
---------------+-------------+-----
Invocations    | 1 |  1.9
Short Blades   | 1 |  1.6
Long Blades    | 1 |  1.6
Axes           | 1 |  1.6
Maces & Flails | 1 |  1.6
Staves         | 1 |  1.6
Slings         | 1 |  1.6
Bows           | 1 |  1.6
Crossbows      | 1 |  1.6
Throwing       | 1 |  1.6
Dodging        | 1 |  1.6
Stealth        | 1 |  1.6
Unarmed Combat | 1 |  1.6
Spellcasting   | 1 |  1.6
Evocations     | 1 |  1.6
Conjurations   | 1 |  1.3
Hexes          | 1 |  1.3
Summonings     | 1 |  1.3
Necromancy     | 1 |  1.3
Translocations | 1 |  1.3
Transmutations | 1 |  1.3
Fire Magic     | 1 |  1.3
Ice Magic      | 1 |  1.3
Air Magic      | 1 |  1.3
Earth Magic    | 1 |  1.3
Poison Magic   | 1 |  1.3
Fighting       | |  6.7
Polearms       | |  4.8
Armour         | |  6.7
Shields        | |  6.7

Action                   |  1- 3 |  4- 6 || total
-------------------------+-------+-------++-------
Melee: Trident           |   105 |   148 ||   253
       Bite              |     7 |    17 ||    24
 Fire: Hand crossbow     |       |    48 ||    48
  Use: Scroll            |     5 |    11 ||    16
 Stab: Sleeping          |     1 |       ||     1
Armor: Scale mail        |    18 |       ||    18
       Leather armour    |    11 |       ||    11
       Chain mail        |     1 |    81 ||    82
       Plate armour      |       |    35 ||    35
Dodge: Dodged            |    41 |    68 ||   109
Block: Buckler           |    24 |    45 ||    69

Table legend: (Time is in decaauts)
 A = Elapsed time spent in this place.
 B = Non-inter-level travel time spent in this place.
 C = Inter-level travel time spent in this place.
 D = Time resting spent in this place.
 E = Time spent auto-exploring this place.
 F = Levels seen in this place.
 G = Mean time per level.
                   A        B        C        D        E       F      G
               +--------+--------+--------+--------+--------+-----+--------+
         Total |   4180 |   4020 |    160 |    129 |   2947 |   6 |  696.7 |
       Dungeon |   4180 |   4020 |    160 |    129 |   2947 |   6 |  696.7 |
               +--------+--------+--------+--------+--------+-----+--------+

Top non-repeatable levels by time:
     D:3: 1798 daAuts
     D:1: 1251 daAuts
     D:2: 823 daAuts
     D:5: 136 daAuts
     D:4: 131 daAuts
     D:6: 39 daAuts
